Construct Infanterie Kompanie
Selects Mechanized Battlegroup
Construct Panzergrenadier Kompanie
Selects Mobile Repair Stations
Pak 40 Anti-tank Gun Team
Construct Panzer Kompanie
Selects Wespe Self-propelled Artillery
Infanterie Officer Quarters
Selects Zeroing Artillery Barrage
Wespe Self-propelled Artillery
Zeroing Artillery Barrage
Zeroing Artillery Barrage
Wespe Self-propelled Artillery
Selects StuG Assault Group
Selects UNKNOWN (2160084)
Wespe Self-propelled Artillery
Pak 40 Anti-tank Gun Team
Pak 40 Anti-tank Gun Team
Zeroing Artillery Barrage
Wespe Self-propelled Artillery